Map: Whispers of Gold

Players

wootwoot - Winner!

  • Race: Terran Terran
  • League: Silver
  • Spawn Location: 5:00

Jdawg

  • Race: Protoss Protoss
  • League: Silver
  • Spawn Location: 9:00

VOD

Have the link to the VOD?

Description

Time

  • Played on: April 1, 2025, 5:25 p.m.
  • Length: 3:59
Show
View Real Time Build Order
Export as new Build Order

wootwoot Terran - Winner!

Build Orders:  

Get SALT Encoding   

  12  0:00  SCV  
  13  0:12  SCV  
  14  0:19  Supply Depot  
  14  0:24  SCV  
  15  0:30  Refinery  
  15  0:44  Barracks  
  15  0:55  Barracks  
  15  1:11  Barracks  
  15  1:25  Refinery  
  15  1:30  Reaper  
  16  1:48  Reaper  
  17  2:01  Reaper  
  17  2:02  Orbital Command, Reaper  
  19  2:15  Supply Depot  
  19  2:20  Reaper  
  20  2:33  Reaper  
  20  2:35  Reaper  
  22  2:37  SCV  
  23  2:50  SCV  
  24  2:52  Reaper  
  25  3:05  Reaper  
  25  3:06  SCV  
  25  3:07  Reaper  
  25  3:08  Supply Depot  
  28  3:24  Reaper  
  29  3:27  SCV  
  30  3:40  SCV  
  33  3:46  Supply Depot  
Show
View Real Time Build Order
Export as new Build Order

Jdawg Protoss 

Build Orders:  

Get SALT Encoding   

  12  0:01  Probe  
  13  0:13  Probe  
  14  0:25  Probe  
  15  0:29  Pylon  
  15  0:47  Probe  
  16  1:04  Forge  
  16  1:36  Gateway  
  16  1:43  Photon Cannon  
  16  1:53  Probe  
  16  1:57  Pylon  
  16  1:59  Nexus  
  17  2:01  Probe  
  17  2:11  Probe  
  17  2:14  Pylon  
  18  2:16  Pylon  
  18  2:30  Photon Cannon  
  18  2:49  Photon Cannon  
  11  3:38  Photon Cannon  
  11  3:49  Photon Cannon  
Tags
 
Add a new tag
Caveats
  • Supply blocks, unpowered buildings, or Contaminate may cause inaccurate times.
  • Supply counts are checked every 10 seconds.